 Dungeon Crawl Stone Soup version 0.30-a0-365-ge7f957f1db (webtiles) character file.

Game seed: 15449658262533309587

70 mopl the Caller (level 4, -1/24 HPs)
             Began as a Tengu Summoner on Nov 16, 2022.
             Slain by Terence
             ... wielding a +0 morningstar
              (13 damage)
             ... on level 3 of the Dungeon.
             The game lasted 00:02:44 (1712 turns).

mopl the Caller (Tengu Summoner)                    Turns: 1712, Time: 00:02:45

Health: -1/24      AC:  3    Str:  8    XL:     4   Next: 22%
Magic:  2/9        EV: 12    Int: 17    God:
Gold:   91         SH:  0    Dex: 15    Spells: 3/9 levels left

rFire   . . .      SeeInvis .    p - +3 short sword
rCold   . . .      Faith    .    (no shield)
rNeg    . . .      Spirit   .    a - +0 robe
rPois   .          Reflect  .    o - +1 hat
rElec   .          Harm     .    (no cloak)
rCorr   .          Rampage  .    (no gloves)
Will    .....                    (boots unavailable)
Stlth   ++........               (no amulet)
HPRegen 0.24/turn                (no ring)
MPRegen 0.11/turn                (no ring)

@: no status effects
A: beak, talons 3
a: no special abilities


You were on level 3 of the Dungeon.
You visited 1 branch of the dungeon, and saw 3 of its levels.

You collected 91 gold pieces.

Inventory:

Hand Weapons
 p - a +3 short sword (weapon)
Missiles
 c - 3 poisoned darts
Armour
 a - a +0 robe (worn)
 o - a +1 hat (worn)
 q - a scarf of harm
Magical Staves
 k - a staff of earth
Wands
 m - a wand of iceblast (8)
Scrolls
 d - a scroll of fear {unknown}
 f - 3 scrolls of identify {unknown}
 g - a scroll of noise {unknown}
 j - 2 scrolls of fog {unknown}
 l - a scroll of blinking {unknown}
 n - a scroll of immolation {unknown}
Potions
 b - a potion of magic
 e - 2 potions of curing {unknown}
 h - a potion of brilliance {unknown}
 i - a potion of mutation {unknown}
 r - a potion of lignification {unknown}


   Skills:
 - Level 2.1 Dodging
 - Level 2.0 Stealth
 + Level 3.1 Spellcasting
 + Level 5.9 Summonings


You had 3 spell levels left.
You knew the following spells:

 Your Spells              Type           Power      Damage    Failure   Level
a - Summon Small Mammal   Summ           88%        N/A       1%          1
b - Call Imp              Summ           22%        N/A       2%          2
c - Call Canine Familiar  Summ           22%        N/A       4%          3

Your spell library contained the following spells:

 Spells                   Type           Power      Damage    Failure   Level
 Summon Guardian Golem    Hex/Summ       12%        N/A       16%         3
 Hailstorm                Conj/Ice       2%         3d3       45%         3
 Summon Lightning Spire   Summ/Air       12%        N/A       45%         4
 Ice Form                 Ice/Tmut       2%         N/A       86%         4
 Simulacrum               Ice/Necr       1%         N/A       100%        6


Dungeon Overview and Level Annotations

Branches:
Dungeon (3/15)

Altars:
Vehumet
Zin

Annotations:
D:3 Terence


Innate Abilities, Weirdness & Mutations

You have a beak for a mouth.
You have claws for feet.


Message History

You hit Terence but do no damage. You claw Terence. Your peck misses Terence.
Terence is moderately wounded.
Terence hits you with a +0 morningstar!
Ouch! That really hurt!
Your crimson imp blinks!
You are too injured to fight recklessly!
You are too injured to fight recklessly!
Unknown command.
Your hound barely misses Terence.
Terence barely misses your hound.
Your hound barely misses Terence.
Terence barely misses your hound.
Your hound bites Terence but does no damage.
Your hound bites Terence.
Terence hits your hound with a +0 morningstar!
Your hound closely misses Terence.
Terence hits your hound with a +0 morningstar!
Your hound dies!
Your hound's corpse disappears in a puff of smoke!
Your crimson imp hits Terence but does no damage.
Your crimson imp hits Terence but does no damage.
Casting: Call Canine Familiar (quite dangerous; 4% risk of failure)
Confirm with . or Enter, or press ? or * to list all spells.
The spell is quite dangerous to miscast (4% risk of failure)!
Continue anyway?
Terence bares his teeth.
Terence closely misses you.
Your crimson imp misses Terence.
Terence attacks as you move away! Terence barely misses you.
Your hound bites Terence.
You barely miss Terence. You claw Terence, but do no damage.
Terence is moderately wounded.
Your hound misses Terence. Terence hits you with a +0 morningstar.
Your crimson imp barely misses Terence.
Your hound bites Terence.
You hit Terence. Your peck misses Terence.
Terence is severely wounded.
Your hound bites Terence but does no damage.
Terence hits your hound with a +0 morningstar.
Your crimson imp hits Terence but does no damage.
You barely miss Terence. You claw Terence, but do no damage.
Terence is severely wounded.
Your hound bites Terence.
Terence hits you with a +0 morningstar!
Ouch! That really hurt!
You die...

#..#.######...#.. . #
#.##............. ..
#.##...)............
...
#...................
...
####..########...#.. ..
#.......# #...###
#.###.#).##.# #...#
#........# # #...#
#..?5@@?.## #####...###
##.##h#####.#.......##.
......#####.#.#......#.
#.##.##.. ...
..#.#..#.#. .? ... #.#>
#†##.#........ . .###
#.#.# #.#<#.#..#.#. #.#
. ##....#..#.#. ..#
..#..........#.
##.##.###.#####


You could see Terence (ally target), a friendly hound (summoned) and a friendly
crimson imp (summoned).

Vanquished Creatures
  2 adders
  2 dart slugs (D:1)
  4 bats (D:2)
  An endoplasm (D:3)
  4 giant cockroaches
  4 goblins
  2 hobgoblins (D:1)
  4 ball pythons (D:1)
  2 frilled lizards
  4 kobolds
  4 rats (D:1)
33 creatures vanquished.

Vanquished Creatures (collateral kills)
  A dart slug (D:3)
  A bat (D:1)
  A goblin (D:1)
  2 hobgoblins
  2 quokkas (D:1)
  3 kobolds
  A rat (D:1)
11 creatures vanquished.

Grand Total: 44 creatures vanquished

Notes
Turn   | Place    | Note
-------+----------+-------------------------------------------
     0 | D:1      | mopl the Tengu Summoner began the quest for the Orb.
     0 | D:1      | Reached XP level 1. HP: 10/10 MP: 4/4
   145 | D:1      | Reached skill level 5 in Summonings
   204 | D:1      | Reached XP level 2. HP: 13/15 MP: 6/6
   207 | D:1      | Learned a level 2 spell: Call Imp
   338 | D:1      | Found a faded altar of an unknown god.
   686 | D:1      | Reached XP level 3. HP: 2/19 MP: 4/7
  1064 | D:2      | Learned a level 3 spell: Call Canine Familiar
  1099 | D:2      | Found a glowing silver altar of Zin.
  1370 | D:2      | Reached skill level 3 in Spellcasting
  1562 | D:3      | Reached XP level 4. HP: 24/24 MP: 6/9
  1574 | D:3      | Found a radiant altar of Vehumet.
  1694 | D:3      | Noticed Terence
  1712 | D:3      | Slain by Terence

Illustrated notes

Levels and vault maps discovered:
D:1:      denvon_arrival_planthouse, layout_basic,
          dreamdust_ecumenical_altar_grove, minmay_heptomino_l4
D:2:      layout_basic, basic_altar
D:3:      layout_loops_cross, mainiacjoe_overflow_tiny_flanked,
          mainiacjoe_overflow_alcove_1, serial_shops, nicolae_shop_waterfront,
          hangedman_decor_opposing, amethyst_killhole, uniq_crazy_yiuf_cottage,
          uniq_terence, uniq_grinder

Skill      XL: |  1  2  3 |
---------------+----------+-----
Summonings     | 5 |  5.9
Spellcasting   | 3 |  3.1
Dodging        | |  2.1
Stealth        | |  2.0

Action                   |  1- 3 |  4- 6 || total
-------------------------+-------+-------++-------
Melee: Unarmed           |    63 |       ||    63
       Kick              |    30 |     6 ||    36
       Peck              |    11 |     2 ||    13
       Punch             |     2 |       ||     2
       Short sword       |    38 |    11 ||    49
 Cast: Summon Small Mamm |     2 |       ||     2
       Call Imp          |     6 |     1 ||     7
       Call Canine Famil |       |     2 ||     2
 Stab: Sleeping          |     5 |     2 ||     7
Armor: Robe              |    34 |     3 ||    37
Dodge: Dodged            |    88 |     3 ||    91

Table legend: (Time is in decaauts)
 A = Elapsed time spent in this place.
 B = Non-inter-level travel time spent in this place.
 C = Inter-level travel time spent in this place.
 D = Time resting spent in this place.
 E = Time spent auto-exploring this place.
 F = Levels seen in this place.
 G = Mean time per level.
                   A        B        C        D        E       F      G
               +--------+--------+--------+--------+--------+-----+--------+
         Total |   1710 |   1668 |     42 |    135 |   1184 |   3 |  570.0 |
       Dungeon |   1710 |   1668 |     42 |    135 |   1184 |   3 |  570.0 |
               +--------+--------+--------+--------+--------+-----+--------+

Top non-repeatable levels by time:
     D:1: 1036 daAuts
     D:2: 516 daAuts
     D:3: 157 daAuts
